 Dungeon Crawl Stone Soup version 0.30-a0-840-ga523dec638 (webtiles) character file.

Game seed: 9582362083964488844

148279 Newt the Markskobold (level 18, 0/99 HPs)
             Began as a Kobold Hunter on Mar 1, 2023.
             Was the Champion of Hepliaklqana.
             Killed from afar by a salamander tyrant (55 damage)
             ... on level 4 of the Snake Pit.
             The game lasted 00:40:31 (26809 turns).

Newt the Markskobold (Kobold Hunter)               Turns: 26809, Time: 00:40:32

Health: 0/99       AC: 13    Str:  8    XL:     18   Next: 11%
Magic:  12/40      EV: 26    Int: 15    God:    Hepliaklqana [******]
Gold:   1843       SH:  5    Dex: 33    Spells: 19/33 levels left

rFire   . . .      SeeInvis .    f - +9 sling (drain)
rCold   + + +      Faith    .    (no shield)
rNeg    + . .      Spirit   .    M - +2 troll leather armour
rPois   .          Reflect  +    r - +3 hat of Pondering {ponderous, Will+ MP+10 Int+5}
rElec   .          Harm     +    (no cloak)
rCorr   +          Rampage  .    i - +1 pair of gloves
Will    +++..                    Z - +0 pair of boots of Nube {Harm rC+ Dex+2}
Stlth   ++++                     c - amulet "Wyme" {Reflect rC+ rN+ rCorr SH+5}
HPRegen 1.16/turn                D - +4 ring of slaying
MPRegen 0.27/turn                O - ring "Ypee" {rC+ Will+ Str-2 Dex+6}

@: studying Evocations, slow
A: reduced essence, small, no large weapons, nightstalker 3
a: Renounce Religion, Recall Ancestor, Ancestor Identity, Transference, Idealise


You were on level 4 of the Snake Pit.
You worshipped Hepliaklqana.
Hepliaklqana was exalted by your worship.
You visited 5 branches of the dungeon, and saw 24 of its levels.
You also visited: Sewer and Gauntlet.

You collected 3667 gold pieces.
You spent 1824 gold pieces at shops.

Inventory:

Hand Weapons
 a - a +0 shortbow
 f - a +9 sling of draining (weapon)
 P - a +2 sling of draining
Missiles
 j - 4 throwing nets
Armour
 h - the +1 helmet of Lugonu {Regen+ Str+2}
   (You found it in a Gauntlet)

   Str:       It affects your strength (+2).
   Regen:     It increases your rate of health regeneration.
 i - a +1 pair of gloves (worn)
 r - the +3 hat of Pondering (worn) {ponderous, Will+ MP+10 Int+5}
   (You took it off Gastronok on level 8 of the Dungeon)

   Int:       It affects your intelligence (+5).
   MP:        It affects your magic capacity (+10).
   Will:      It increases your willpower.
 M - a +2 troll leather armour (worn)
 Z - the +0 pair of boots of Nube (worn) {Harm rC+ Dex+2}
   (You acquired it on level 11 of the Dungeon)

   Dex:       It affects your dexterity (+2).
   rC:        It protects you from cold.
   Harm:      It increases damage dealt and taken.
Jewellery
 c - the amulet "Wyme" (around neck) {Reflect rC+ rN+ rCorr SH+5}
   (You found it in a Gauntlet)

   [amulet of reflection]

   It reflects blocked missile attacks.
   rC:        It protects you from cold.
   rN:        It protects you from negative energy.
   rCorr:     It protects you from acid and corrosion.
   SH:        It affects your SH (+5).
 d - a ring of flight
 k - a ring of ice
 D - a +4 ring of slaying (left hand)
 L - a ring of see invisible
 O - the ring "Ypee" (right hand) {rC+ Will+ Str-2 Dex+6}
   (You bought it in a shop on level 2 of the Orcish Mines)

   [ring of willpower]

   Str:       It affects your strength (-2).
   Dex:       It affects your dexterity (+6).
   rC:        It protects you from cold.
   Will:      It increases your willpower.
 Q - a +4 ring of slaying
 T - a ring of willpower
Wands
 n - a wand of paralysis (23)
 o - a wand of flame (29)
 q - a wand of mindburst (6)
 s - a wand of polymorph (2)
 v - a wand of digging (12)
 R - a wand of acid (3)
 U - a wand of roots (5)
Scrolls
 b - 2 scrolls of immolation
 e - 12 scrolls of teleportation
 m - 8 scrolls of fog
 z - 2 scrolls of magic mapping
 C - a scroll of blinking
 F - 5 scrolls of fear
 V - 4 scrolls of poison
 X - 2 scrolls of amnesia
 Y - a scroll of identify
Potions
 l - 3 potions of magic
 p - 4 potions of curing
 u - 6 potions of attraction
 w - 5 potions of might
 A - a potion of invisibility
 E - 3 potions of brilliance
 G - 5 potions of flight
 I - 3 potions of mutation
 J - 7 potions of cancellation
 W - a potion of berserk rage
Miscellaneous
 g - a phial of floods
 x - a condenser vane


   Skills:
 - Level 11.0 Fighting
 - Level 18.0 Ranged Weapons
 - Level 6.0 Armour
 - Level 10.0 Dodging
 - Level 1.3 Stealth
 - Level 8.0 Spellcasting
 - Level 11.2 Conjurations
 - Level 9.0 Hexes
 + Level 8.2 Summonings
 - Level 9.0 Translocations
 - Level 8.0 Ice Magic
 - Level 9.0 Invocations
 - Level 14.0 Evocations


You had 19 spell levels left.
You knew the following spells:

 Your Spells              Type           Power      Damage    Failure   Level
a - Frozen Ramparts       Ice            60%        1d10      1%          3
b - Hailstorm             Conj/Ice       34%        3d9       1%          3
c - Ensorcelled Hibernat  Hex/Ice        62%        N/A       1%          2
d - Portal Projectile     Hex/Tloc       66%        N/A       1%          3
e - Summon Guardian Gole  Hex/Summ       31%        N/A       1%          3

Your spell library contained the following spells:

 Spells                   Type           Power      Damage    Failure   Level
 Foxfire                  Conj/Fire      88%        2x1d8     1%          1
 Freeze                   Ice            100%       1d10      1%          1
 Magic Dart               Conj           100%       1d8       1%          1
 Slow                     Hex            100%       N/A       1%          1
 Searing Ray              Conj           78%        2d7       1%          2
 Call Canine Familiar     Summ           30%        N/A       1%          3
 Confusing Touch          Hex            33%        N/A       1%          3
 Ozocubu's Armour         Ice            30%        N/A       1%          3
 Fulminant Prism          Conj/Hex       18%        3d11      2%          4
 Summon Ice Beast         Ice/Summ       30%        N/A       5%          4
 Mephitic Cloud           Conj/Pois/Air  17%        N/A       11%         3
 Summon Mana Viper        Hex/Summ       31%        N/A       13%         5
 Kindle Blastsparks       Fire/Tloc/Air  30%        2d12      14%         3
 Cigotuvi's Dreadful Rot  Necr/Pois/Air  12%        N/A       24%         2
 Poisonous Vapours        Pois/Air       12%        N/A       24%         2
 Anguish                  Hex/Necr       9%         N/A       26%         4
 Leda's Liquefaction      Hex/Erth       9%         N/A       26%         4
 Freezing Cloud           Conj/Ice/Air   12%        6-21      32%         5
 Fireball                 Conj/Fire      11%        3d7       41%         5
 Ignite Poison            Fire/Tmut/Pois 6%         N/A       43%         3
 Spider Form              Tmut/Pois      6%         N/A       43%         3
 Vampiric Draining        Necr           6%         2d6       43%         3
 Dispel Undead            Necr           6%         3d8       85%         4
 Starburst                Conj/Fire      11%        6d5       94%         6
 Monstrous Menagerie      Summ           15%        N/A       99%         7
 Death Channel            Necr           3%         N/A       100%        6
 Discord                  Hex            16%        N/A       100%        8


Dungeon Overview and Level Annotations

Branches:
Dungeon (12/15)            Temple (1/1) D:4            Lair (5/5) D:9
 Shoals (0/4) Lair:3        Snake (4/4) Lair:2        Slime (0/5) Lair:5
    Orc (2/2) D:12            Elf (0/3) Orc:2         Sewer (visited)
Gauntlet (visited)

Altars:
Ashenzari
Cheibriados
Dithmenos
Elyvilon
Fedhas
Gozag
Hepliaklqana
Kikubaaqudgha
Makhleb
Nemelex Xobeh
Okawaru
Qazlal
Ru
Sif Muna
Trog
Uskayaw
Vehumet
Wu Jian
Xom
Yredelemnul
Zin
The Shining One
Jiyva

Shops:
D:8 !   D:10 [   D:12 *   Orc:1 [   Orc:2 =[(*   Snake:1 ?   Snake:3 ::=
Snake:4 [

Portals:
Trove: D:10 (give horn of Geryon)

Annotations:
D:7 3 runed translucent doors, Nacht's ghost, novice DsIE; Pokonic1's ghost, novice GrFi; SprigganGuy's ghost, novice SpHu; olddryhag's ghost, novice DsGl
D:8 3 runed translucent doors, domi's ghost, novice VSBr


Innate Abilities, Weirdness & Mutations

Your life essence is reduced to manifest your ancestor. (-10% HP)
You are small and have problems with some larger weapons.
You are completely attuned to the shadows.


Message History

Aim: a naga mage, wielding a +0 club (fast, ally target, 81% to hit)
You shoot a sling bullet. Ayize avoids your attack.
The sling bullet hits the naga mage!!
You drain the naga mage!
You kill the naga mage!
Fire: f) +9 sling (drain)
Press: ? - help, Shift-Dir - straight line, f - naga
Aim: a naga, wielding a +0 trident and wearing a +0 robe (concentrated venom, ally target, 81% to hit)
You shoot a sling bullet. The sling bullet hits the naga!
You drain the naga.
You kill the naga!
Fire: f) +9 sling (drain)
Press: ? - help, Shift-Dir - straight line, f - naga
Aim: a naga, wielding a +0 glaive and wearing a +0 robe (ally target, 81% to hit)
You shoot a sling bullet. The sling bullet hits the naga!
The naga is heavily wounded.
You hear a shout!
Fire: f) +9 sling (drain)
Press: ? - help, Shift-Dir - straight line, f/p - naga
Aim: a naga, wielding a +0 glaive and wearing a +0 robe (heavily wounded, ally target, 81% to hit)
You shoot a sling bullet. Ayize avoids your attack.
The sling bullet hits the naga!
The naga is almost dead.
Fire: f) +9 sling (drain)
Press: ? - help, Shift-Dir - straight line, f/p - naga
Aim: a naga, wielding a +0 glaive and wearing a +0 robe (almost dead, ally target, 81% to hit)
You shoot a sling bullet. Ayize avoids your attack.
The sling bullet hits the naga!
You kill the naga!
You start resting.
A salamander tyrant comes into view.
A salamander tyrant is nearby!
A salamander tyrant is nearby!
Fire: f) +9 sling (drain)
Press: ? - help, Shift-Dir - straight line, f - salamander tyrant
Aim: a salamander tyrant (ally target, 86% to hit)
You shoot a sling bullet. Ayize avoids your attack.
The sling bullet hits the salamander tyrant but does no damage.
The salamander tyrant rends the earth beneath you!
The blast of magma engulfs you!!!
Ouch! That really hurt!
You die...

####......######..)...#####......
######## #......# ####)).
#......# ##.) #..#...# ##..
#...)..# ####...
####......#####......
....÷)...............
.).........#.........
..).@......#.......##
...≈R)#).......#####
####.).)).###### #..)...#
#N..)..# #).....# #...NN.#
#......### .N.........


You could see the friendly Ayize the knight and a salamander tyrant (ally
target).

Vanquished Creatures
  Agnes (Snake:1)
  Gastronok (D:8)
  3 nagarajas (Snake:4)
  Donald (Snake:4)
  A tengu reaver (D:12)
  An orc warlord (Orc:2)
  A minotaur (Gauntlet)
  Fannar (Orc:1)
  3 salamander tyrants (Snake:4)
  2 hydras
  A centaur warrior (D:10)
  Erica (D:10)
  2 boulder beetles
  7 anacondas
  A deep troll shaman (Lair:5)
  5 naga warriors
  3 death yaks (Lair:5)
  A hell hog (Gauntlet)
  6 two-headed ogres
  2 orc high priests
  6 shock serpents
  10 naga sharpshooters
  A skyshark (Lair:5)
  Urug (Orc:1)
  2 salamander mystics (Snake:4)
  5 sea snakes
  3 naga ritualists
  2 orc knights (Orc:2)
  2 lindwurms (Lair:5)
  Pikel (D:7)
  5 mana vipers
  2 oklob plants (Lair:1)
  6 salamanders
  2 deep elf pyromancers (D:12)
  2 orc sorcerers (Orc:2)
  2 ugly things
  A cyclops (D:11)
  3 guardian serpents
  25 elephants
  A torpor snail (Lair:5)
  23 black mambas
  7 naga magi
  A gargoyle (D:11)
  Maggie (D:8)
  8 cane toads
  15 komodo dragons
  5 rime drakes
  2 kobold demonologists
  8 trolls
  2 hornets
  Prince Ribbit (D:7)
  15 blink frogs
  7 dream sheep (Lair:5)
  Sigmund (D:5)
  A shadow (D:12)
  2 vampires (D:12)
  31 yaks
  The ghost of retardedninja the Shield-Bearer, an amateur GnFi (D:4)
  2 basilisks
  2 fire bats (Gauntlet)
  A wraith (D:12)
  5 wyverns
  A steam dragon (D:9)
  6 vampire mosquitoes
  Edmund (D:4)
  Menkaure (D:5)
  36 nagas
  3 acid dragons
  9 water moccasins
  6 wargs
  2 hell hounds (Gauntlet)
  15 orc warriors
  2 sky beasts
  2 ice beasts
  6 black bears
  12 wolves
  5 ogres
  7 centaurs
  3 phantoms
  13 kobold brigands (D:9)
  2 gnoll sergeants
  4 scorpions
  3 necrophages
  7 bullfrogs
  4 wights
  4 killer bees (D:10)
  2 howler monkeys
  4 electric eels
  4 crimson imps (D:6)
  2 gnoll boudas
  5 hounds
  17 orc priests
  2 jellies
  26 orc wizards
  5 iguanas
  27 gnolls
  6 adders
  2 white imps (D:6)
  A worm (D:2)
  3 dart slugs
  51 orcs
  11 bats
  3 endoplasms
  3 giant cockroaches
  4 hobgoblins
  6 jackals
  14 kobolds
  5 quokkas
  8 ball pythons
  6 frilled lizards
  4 goblins
  2 rats
644 creatures vanquished.

Vanquished Creatures (collateral kills)
  A nagaraja (Snake:3)
  A catoblepas (Lair:5)
  2 two-headed ogres
  4 anacondas
  A death yak (Lair:5)
  2 shock serpents
  4 naga warriors
  2 skysharks (Lair:5)
  An orc high priest (Orc:2)
  3 naga sharpshooters (Snake:4)
  5 sea snakes
  2 orc knights (Orc:2)
  A mana viper (Snake:4)
  2 ugly things (D:12)
  2 orc sorcerers (Orc:2)
  A manticore (D:12)
  4 black mambas
  11 elephants
  A naga mage (Snake:3)
  A cane toad (Lair:1)
  5 komodo dragons
  A polar bear (Lair:5)
  A tyrant leech (Gauntlet)
  4 trolls
  A dream sheep (Lair:5)
  A water elemental (D:12)
  8 yaks
  2 wargs (Orc:2)
  7 nagas
  3 swamp worms (Gauntlet)
  A hell hound (Gauntlet)
  2 water moccasins (Lair:5)
  5 orc warriors
  A swamp drake (Lair:1)
  5 wolves
  2 ogres
  A killer bee (D:10)
  2 electric eels (D:12)
  6 orc priests
  7 orc wizards
  13 orcs
129 creatures vanquished.

Vanquished Creatures (others)
  A mana viper (Snake:4)
  2 black mambas (Snake:4)
  3 nagas (Snake:4)
  An orc warrior (Orc:2)
  4 knights
  2 ancestors
  20 fungi
  53 plants
86 creatures vanquished.

Grand Total: 859 creatures vanquished

Notes
Turn   | Place    | Note
-------+----------+-------------------------------------------
     0 | D:1      | Newt the Kobold Hunter began the quest for the Orb.
     0 | D:1      | Reached XP level 1. HP: 12/12 MP: 1/1
   164 | D:1      | Reached XP level 2. HP: 17/18 MP: 2/2
   344 | D:1      | Reached XP level 3. HP: 23/23 MP: 3/3
   921 | D:2      | Reached XP level 4. HP: 21/30 MP: 4/4
  1270 | D:2      | Reached skill level 5 in Fighting
  1383 | D:2      | Reached XP level 5. HP: 35/35 MP: 5/5
  1437 | D:1      | Reached skill level 6 in Ranged Weapons
  1623 | D:2      | Reached skill level 7 in Ranged Weapons
  1625 | D:2      | Reached XP level 6. HP: 39/40 MP: 6/6
  2380 | D:4      | Noticed a water moccasin
  2384 | D:4      | Killed a water moccasin
  2385 | D:4      | Reached skill level 8 in Ranged Weapons
  2414 | D:4      | Found a staircase to the Ecumenical Temple.
  2424 | Temple   | Entered the Ecumenical Temple
  2555 | D:4      | Found a glowing drain.
  2561 | Sewer    | Entered a sewer
  2611 | Sewer    | Noticed a water moccasin
  2616 | Sewer    | Killed a water moccasin
  2617 | Sewer    | Reached skill level 9 in Ranged Weapons
  2617 | Sewer    | Reached XP level 7. HP: 44/44 MP: 7/7
  2707 | D:4      | Identified the +5 great mace of Oputuenn {heavy, rElec
                  | rPois Int+2}
  2757 | D:4      | Noticed Edmund
  2776 | D:4      | Killed Edmund
  2777 | D:4      | Reached skill level 10 in Ranged Weapons
  2996 | D:4      | Reached XP level 8. HP: 49/49 MP: 8/8
  3301 | D:4      | You fall into a shaft and drop 2 floors!
  3330 | D:6      | Reached skill level 5 in Dodging
  3487 | D:6      | Noticed a wyvern
  3507 | D:6      | Killed a wyvern
  3828 | D:6      | Reached skill level 5 in Evocations
  3838 | D:5      | Entered Level 5 of the Dungeon
  3869 | D:5      | Reached XP level 9. HP: 54/54 MP: 9/9
  3889 | D:5      | Reached skill level 11 in Ranged Weapons
  4058 | D:5      | Noticed Menkaure
  4064 | D:5      | Killed Menkaure
  4065 | D:5      | Reached skill level 12 in Ranged Weapons
  4291 | D:5      | Noticed Sigmund
  4300 | D:5      | Killed Sigmund
  4301 | D:5      | Reached skill level 13 in Ranged Weapons
  4928 | D:4      | Found a runed translucent door.
  4928 | D:4      | Noticed retardedninja's ghost (amateur GnFi)
  4954 | D:4      | Killed retardedninja's ghost
  4955 | D:4      | Reached skill level 14 in Ranged Weapons
  5318 | D:6      | Found a shimmering altar of Xom.
  5343 | D:6      | Reached XP level 10. HP: 47/60 MP: 10/10
  5830 | D:7      | Noticed Prince Ribbit
  5844 | D:7      | Killed Prince Ribbit
  5850 | D:7      | Noticed Pikel
  5861 | D:7      | Killed Pikel
  6086 | D:7      | Found a hazy altar of Hepliaklqana.
  6093 | D:7      | Became a worshipper of Hepliaklqana the Forgotten
  6221 | D:7      | Identified the +2 mace "Ilaponic" {venom, +Blink rC- MP-9
                  | SInv}
  6362 | D:7      | Found a runed translucent gate.
  6363 | D:7      | Found a runed translucent gate.
  6363 | D:7      | Noticed olddryhag's ghost (novice DsGl)
  6365 | D:7      | Found a runed translucent gate.
  6367 | D:7      | Noticed SprigganGuy's ghost (novice SpHu)
  6369 | D:7      | Noticed Nacht's ghost (novice DsIE)
  6369 | D:7      | Noticed Pokonic1's ghost (novice GrFi)
  6680 | D:8      | Found a white marble altar of Elyvilon.
  6692 | D:8      | Identified the +2 robe of Egalitarianism {Int+5}
  6696 | D:8      | Found a runed translucent gate.
  6696 | D:8      | Noticed domi's ghost (novice VSBr)
  6706 | D:8      | Found a runed translucent gate.
  6708 | D:8      | Found a runed translucent gate.
  6709 | D:8      | Noticed a kobold demonologist
  6729 | D:8      | Reached * piety under Hepliaklqana
  6807 | D:8      | Reached skill level 10 in Dodging
  6850 | D:8      | Found a bloodstained altar of Trog.
  6850 | D:8      | Found a shadowy altar of Dithmenos.
  6850 | D:8      | Found a glowing silver altar of Zin.
  6857 | D:8      | Reached skill level 1 in Spellcasting
  6857 | D:8      | Reached skill level 1 in Ice Magic
  6941 | D:8      | Found a glowing golden altar of the Shining One.
  6941 | D:8      | Found a blossoming altar of Fedhas.
  6941 | D:8      | Found a radiant altar of Vehumet.
  6943 | D:8      | Found an ancient bone altar of Kikubaaqudgha.
  6943 | D:8      | Found a broken altar of Ashenzari.
  6943 | D:8      | Found a snail-covered altar of Cheibriados.
  7105 | D:8      | Noticed Gastronok
  7149 | D:8      | Killed Gastronok
  7150 | D:8      | Reached XP level 11. HP: 45/60 MP: 12/16
  7299 | D:8      | Learned a level 3 spell: Frozen Ramparts
  7500 | D:8      | Found Feritab's Distillery.
  7622 | D:8      | Noticed Maggie
  7630 | D:8      | Killed Maggie
  7942 | D:9      | Reached XP level 12. HP: 64/64 MP: 24/24
  7947 | D:9      | Learned a level 3 spell: Hailstorm
  7950 | D:9      | Learned a level 2 spell: Ensorcelled Hibernation
  7977 | D:9      | Reached skill level 1 in Invocations
  8029 | D:9      | Noticed a two-headed ogre
  8040 | D:9      | Killed a two-headed ogre
  8249 | D:9      | Found a staircase to the Lair.
  8309 | D:9      | Noticed a two-headed ogre
  8315 | D:9      | Killed a two-headed ogre
  8440 | D:9      | Reached skill level 5 in Invocations
  9080 | D:10     | Entered Level 10 of the Dungeon
  9185 | D:10     | Reached ** piety under Hepliaklqana
  9186 | D:10     | Remembered your ancestor Ayize as a knight
  9241 | D:10     | Found Kaerph's Armour Boutique.
  9290 | D:10     | Noticed Erica
  9299 | D:10     | Killed Erica
  9399 | D:10     | Noticed a two-headed ogre
  9406 | D:10     | Killed a two-headed ogre
  9602 | D:10     | Noticed a centaur warrior
  9609 | D:10     | Killed a centaur warrior
 10128 | D:10     | Found a portal to a secret trove of treasure.
 10453 | Lair:1   | Entered Level 1 of the Lair of Beasts
 10556 | Lair:1   | Reached XP level 13. HP: 68/68 MP: 25/25
 10644 | Lair:1   | Reached skill level 15 in Ranged Weapons
 10664 | Lair:1   | Reached *** piety under Hepliaklqana
 10849 | Lair:1   | Found a blossoming altar of Fedhas.
 10944 | Lair:1   | Reached skill level 16 in Ranged Weapons
 11378 | Lair:1   | Reached skill level 1 in Armour
 11623 | Lair:2   | Reached skill level 5 in Armour
 11682 | Lair:2   | Reached skill level 1 in Conjurations
 11682 | Lair:2   | Reached skill level 1 in Hexes
 11947 | Lair:2   | Found a staircase to the Snake Pit.
 11951 | Lair:2   | Got the Incunabulum of Spellbinding Hoarfrost
 12571 | Lair:3   | Reached XP level 14. HP: 73/73 MP: 26/26
 12579 | Lair:3   | Reached **** piety under Hepliaklqana
 12985 | Lair:3   | Found a staircase to the Shoals.
 13493 | Lair:3   | Reached ***** piety under Hepliaklqana
 13885 | Lair:4   | Found a sacrificial altar of Ru.
 14034 | Lair:4   | Reached skill level 5 in Conjurations
 14034 | Lair:4   | Reached skill level 5 in Hexes
 14155 | Lair:4   | Learned a level 3 spell: Portal Projectile
 14685 | Lair:5   | Entered Level 5 of the Lair of Beasts
 14901 | Lair:5   | Found a staircase to the Slime Pits.
 14901 | Lair:5   | Found a viscous altar of Jiyva.
 15564 | Lair:5   | Reached XP level 15. HP: 77/77 MP: 13/27
 16092 | Lair:5   | Learned a level 3 spell: Summon Guardian Golem
 16223 | Lair:5   | Reached skill level 10 in Conjurations
 17837 | D:11     | Identified 3 scrolls of acquirement
 17837 | D:11     | Acquired the +0 pair of boots of Nube {Harm rC+ Dex+2}
 17848 | D:11     | Acquired 1247 gold pieces
 17850 | D:11     | Acquired a ring of willpower
 18467 | D:12     | Found a gate leading to a gauntlet.
 18475 | Gauntlet | Entered a Gauntlet
 18481 | Gauntlet | Found a transporter.
 18517 | Gauntlet | Found a transporter.
 18540 | Gauntlet | Found the +7 great mace "Firestarter" {flame, inner flame,
                  | rFlCloud rF++}
 18548 | Gauntlet | Found a transporter.
 18560 | Gauntlet | Found a transporter.
 18564 | Gauntlet | Found a transporter.
 18568 | Gauntlet | Found a transporter.
 18594 | Gauntlet | Found a transporter.
 18620 | Gauntlet | Found a transporter.
 18646 | Gauntlet | Found a transporter.
 18660 | Gauntlet | Found a transporter.
 18689 | Gauntlet | Found a transporter.
 18689 | Gauntlet | Found a transporter.
 18827 | Gauntlet | Identified the amulet "Wyme" {Reflect rC+ rN+ rCorr SH+5}
 18909 | Gauntlet | Identified the +5 dagger "Pucaot" {venom, Fragile rF+++ rN+
                  | Dex+3}
 18912 | Gauntlet | Identified the +1 helmet of Lugonu {Regen+ Str+2}
 19019 | Gauntlet | Identified the +6 scale mail "Uchin" {Int+3}
 19321 | D:12     | Found Pekoe's Demolitions Depot.
 19454 | D:12     | Bought a manual of Evocations for 880 gold pieces
 19543 | D:12     | Found a staircase to the Orcish Mines.
 19551 | D:12     | Reached skill level 10 in Fighting
 19597 | D:12     | Identified the +2 morningstar of Ysyots {freeze, *Noise
                  | Str+5}
 19883 | D:12     | Noticed a tengu reaver
 19892 | D:12     | Killed a tengu reaver
 19893 | D:12     | Reached XP level 16. HP: 58/89 MP: 26/28
 20295 | Orc:1    | Entered Level 1 of the Orcish Mines
 20424 | Orc:2    | Entered Level 2 of the Orcish Mines
 20456 | Orc:2    | Reached ****** piety under Hepliaklqana
 20482 | Orc:2    | Found a staircase to the Elven Halls.
 20960 | Orc:2    | Reached skill level 10 in Evocations
 21048 | Orc:2    | Found Rurid's Antique Armour Boutique.
 21068 | Orc:2    | Found Cageh's Jewellery Boutique.
 21073 | Orc:2    | Bought the ring "Ypee" {rC+ Will+ Str-2 Dex+6} for 616 gold
                  | pieces
 21088 | Orc:2    | Found Keiront's Antique Weapon Boutique.
 21093 | Orc:2    | Bought a glowing sling for 148 gold pieces
 21105 | Orc:2    | Found Ufiucan's General Store.
 21633 | Orc:1    | Noticed Fannar
 21648 | Orc:1    | Killed Fannar
 21772 | Orc:1    | Found Foherch's Antique Armour Shoppe.
 21882 | Orc:1    | Noticed Urug
 21888 | Orc:1    | Killed Urug
 22303 | Snake:1  | Entered Level 1 of the Snake Pit
 22551 | Snake:1  | Reached skill level 1 in Translocations
 22600 | Snake:1  | Noticed Agnes
 22605 | Snake:1  | Killed Agnes
 22736 | Snake:1  | Reached skill level 5 in Translocations
 22786 | Snake:1  | Identified the +5 chain mail of Tempters {Int+5 Dex+3}
 22833 | Snake:1  | Found Qiaf Wum's Magic Scroll Shop.
 22846 | Snake:1  | Bought a scroll of enchant weapon for 90 gold pieces
 22846 | Snake:1  | Bought a scroll of enchant weapon for 90 gold pieces
 23691 | Snake:2  | Reached XP level 17. HP: 11/93 MP: 21/29
 24812 | Snake:3  | Reached skill level 17 in Ranged Weapons
 25034 | Snake:3  | Found Waggoa's Book Boutique.
 25034 | Snake:3  | Found Xipoehuf's Book Boutique.
 25088 | Snake:3  | Found Hosuam's Jewellery Shoppe.
 25520 | Snake:4  | Entered Level 4 of the Snake Pit
 25659 | Snake:4  | Reached skill level 18 in Ranged Weapons
 25661 | Snake:4  | Reached skill level 1 in Summonings
 26040 | Snake:4  | Reached skill level 5 in Summonings
 26159 | Snake:4  | Found Pixodaz's Antique Armour Emporium.
 26740 | Snake:4  | Reached XP level 18. HP: 99/99 MP: 28/30
 26750 | Snake:4  | Noticed Donald
 26769 | Snake:4  | Killed Donald
 26809 | Snake:4  | Killed from afar by a salamander tyrant

Illustrated notes

Levels and vault maps discovered:
D:1:      minmay_arrival_open_corners, layout_loops_cross, chequers_big_river
D:2:      kennysheep_six_static_rooms, layout_basic, serial_curves,
          eino_curves_02, eino_curves_02, minmay_tetromino_o2
D:3:      layout_rooms
D:4:      layout_loops_ring, minmay_temple_entry_offerings,
          portal_sewer_entry_d, gammafunk_ghost_grave, uniq_edmund
D:5:      kb_forest_paths, layout_basic, uniq_menkaure, uniq_sigmund
D:6:      layout_gridville, led_xom_imps
D:7:      layout_basic, nicolae_hepliaklqana_hazy_memory,
          gammafunk_ghost_cemetery, uniq_pikel, uniq_prince_ribbit1
D:8:      layout_loops_ring, nicolae_overflows_in_rows,
          nicolae_elyvilon_peaceful_grove, gammafunk_ghost_nasty_kobolds,
          nicolae_inconvenience_store, uniq_maggie, uniq_gastronok
D:9:      layout_roguey [special_room_kobold], david_lair_shrubbed,
          grunt_ministairs_6
D:10:     layout_basic, serial_shops, shop, enter_trove_3, uniq_erica
D:11:     layout_gridville
D:12:     nzn_winding_woodlands_stair_trap [nzn_winding_woodlands_5x15_crooked,
          nzn_winding_woodlands_5x15_twine,
          nzn_winding_woodlands_5x15_river_crossing,
          nzn_winding_woodlands_15x15_eel_pit,
          nzn_winding_woodlands_5x15_default,
          nzn_winding_woodlands_5x15_sidewinder,
          nzn_winding_woodlands_5x15_lazy_stream], layout_gridville,
          minmay_orc_entry_guard_dogs, gauntlet_entry_generic,
          nicolae_blasting_shop, minmay_misc_feat_roman
Temple:   eino_wide_crystal_templ
Lair:1:   layout_chaotic_city, hangedman_tree_tricks, hibernation_bobbens
Lair:2:   layout_roguey, dummy_snake_entry, minivault_26, beast_lair_carwin_7
Lair:3:   layout_layer_cave, minmay_shoals_entry_centaurs
Lair:4:   layout_roguey, basic_altar
Lair:5:   grunt_lair_end_beastmaster, layout_cellular_growth, slime_entry_1,
          grunt_megastairs_2
Snake:1:  minmay_snake_river, layout_basic, serial_shops,
          nicolae_shop_window_shopping, uniq_agnes
Snake:2:  layout_grid_maze, drop_trap, statue_in_the_mist_lemuel
Snake:3:  layout_grid_shapes, serial_bayou_shore_a, grunt_megastairs_4,
          minmay_shop_grove
Snake:4:  minmay_snake_end_coiled, layout_misc_corridors, serial_shops, shop,
          grunt_ministairs_10, uniq_donald
Orc:1:    layout_caves, serial_shops, nicolae_shop_behind_doors, uniq_fannar,
          uniq_urug
Orc:2:    grunt_orc_cross, layout_caves, basic_altar, bh_open_orc_temple

Skill      XL: |  1  2  3  4  5  6  7  8  9 10 11 12 13 14 15 16 17 18 |
---------------+-------------------------------------------------------+-----
Fighting       | 3 4 5 6 7 10 11 | 11.0
Ranged Weapons | 7 9 10 14 16 18 | 18.0
Dodging        | 4 6 10 | 10.0
Evocations     | 5 14 | 14.0
Spellcasting   | 3 8 |  8.0
Ice Magic      | 3 8 |  8.0
Invocations    | 9 |  9.0
Armour         | 6 |  6.0
Conjurations   | 3 8 11 | 11.2
Hexes          | 3 8 9 |  9.0
Translocations | 7 9 |  9.0
Summonings     | 7 8 |  8.2
Stealth        | |  1.3

Action                     |  1- 3 |  4- 6 |  7- 9 | 10-12 | 13-15 | 16-18 || total
---------------------------+-------+-------+-------+-------+-------+-------++-------
  Melee: Sling             |       |       |       |     3 |     2 |       ||     5
   Fire: Shortbow          |    36 |       |       |       |     1 |       ||    37
         Sling             |    27 |    98 |   236 |   389 |   865 |   756 ||  2371
   Cast: Hailstorm         |       |       |       |     5 |       |       ||     5
         Frozen Ramparts   |       |       |       |     4 |    21 |     3 ||    28
         Ensorcelled Hiber |       |       |       |     3 |       |     2 ||     5
         Portal Projectile |       |       |       |       |    35 |    50 ||    85
         Summon Guardian G |       |       |       |       |     3 |    28 ||    31
 Invoke: Ancestor Life: Kn |       |       |       |     1 |       |       ||     1
         Recall Ancestor   |       |       |       |       |       |     2 ||     2
         Transference      |       |       |       |       |       |     2 ||     2
  Evoke: Wand              |       |       |       |       |     1 |     5 ||     6
    Use: Potion            |     1 |     1 |       |     3 |     5 |     8 ||    18
         Scroll            |       |     6 |    13 |     7 |    12 |     6 ||    44
 Armour: Leather armour    |    12 |     7 |    22 |    12 |       |       ||    53
         Skin              |       |       |     7 |       |       |       ||     7
         Troll leather arm |       |       |       |     3 |    56 |    29 ||    88
  Dodge: Dodged            |    36 |    68 |    91 |   119 |   321 |   222 ||   857
  Block: Other             |       |       |       |       |     6 |    46 ||    52
         Reflection        |       |       |       |       |       |    14 ||    14

Table legend: (Time is in decaauts)
 A = Elapsed time spent in this place.
 B = Non-inter-level travel time spent in this place.
 C = Inter-level travel time spent in this place.
 D = Time resting spent in this place.
 E = Time spent auto-exploring this place.
 F = Levels seen in this place.
 G = Mean time per level.
                   A        B        C        D        E       F      G
               +--------+--------+--------+--------+--------+-----+--------+
         Total |  27694 |  26139 |   1555 |   1756 |  20713 |  26 | 1065.2 |
       Dungeon |  13484 |  12384 |   1100 |    762 |  10037 |  12 | 1123.7 |
        Temple |     69 |     65 |      4 |      0 |     55 |   1 |   69.0 |
          Lair |   6941 |   6644 |    297 |    242 |   5591 |   5 | 1388.2 |
     Snake Pit |   4642 |   4550 |     92 |    673 |   3165 |   4 | 1160.5 |
  Orcish Mines |   1836 |   1777 |     59 |      0 |   1489 |   2 |  918.0 |
         Sewer |    144 |    144 |      0 |      0 |    113 |   1 |  144.0 |
      Gauntlet |    575 |    575 |      0 |     79 |    261 |   1 |  575.0 |
               +--------+--------+--------+--------+--------+-----+--------+

Top non-repeatable levels by time:
  Lair:5: 2299 daAuts
    D:10: 1574 daAuts
 Snake:3: 1530 daAuts
    D:12: 1526 daAuts
  Lair:3: 1463 daAuts
     D:9: 1332 daAuts
    D:11: 1323 daAuts
     D:8: 1284 daAuts
 Snake:4: 1281 daAuts
 Snake:1: 1214 daAuts
     D:4: 1190 daAuts
  Lair:2: 1162 daAuts
   Orc:2: 1141 daAuts
     D:6: 1104 daAuts
  Lair:1: 1042 daAuts
